 Dungeon Crawl Stone Soup version 0.27.1-34-g3ba077fa99 (console) character file.

Game seed: 77138091763485930

153 toffzen the Skirmisher (level 5, 0/33 HPs)
             Began as a Gargoyle Fighter on Jan 11, 2022.
             Killed from afar by Ijyb (6 damage)
             ... with a puff of flame
             ... on level 3 of the Dungeon.
             The game lasted 00:03:02 (2367 turns).

toffzen the Skirmisher (Gargoyle Fighter)           Turns: 2367, Time: 00:03:03

Health: 0/33       AC: 11    Str: 20    XL:     5   Next: 35%
Magic:  5/5        EV:  7    Int:  9    God:
Gold:   156        SH:  9    Dex:  9    Spells: 4/4 levels left

rFire    + . .     SeeInvis .   a - +0 war axe
rCold    . . .     Faith    .   c - +0 kite shield
rNeg     + . .     Spirit   .   b - +0 scale mail
rPois    ∞         Reflect  .   (no helmet)
rElec    +         Harm     .   (no cloak)
rCorr    .         Rampage  .   (no gloves)
Will     .....                  (no boots)
Stlth    ..........             (no amulet)
HPRegen  0.11/turn              i - ring of protection from fire
MPRegen  0.09/turn              l - ring of flight

@: flying
A: sickness immunity, AC +4, negative energy resistance 1, electricity
resistance, torment resistance 1, petrification resistance
a: no special abilities


You were on level 3 of the Dungeon.
You visited 1 branch of the dungeon, and saw 3 of its levels.

You collected 156 gold pieces.

Inventory:

Hand Weapons
 a - a +0 war axe (weapon)
Missiles
 f - 171 stones (quivered)
Armour
 b - a +0 scale mail (worn)
 c - a +0 kite shield (worn)
Jewellery
 i - a ring of protection from fire (left hand)
 l - a ring of flight (right hand)
Wands
 m - a wand of flame (20)
Scrolls
 g - 3 scrolls of identify {unknown}
 h - a scroll of magic mapping {unknown}
 j - 2 scrolls of noise {unknown}
 k - a scroll of amnesia {unknown}
Potions
 d - a potion of might
 e - a potion of flight {unknown}


   Skills:
 + Level 4.1 Fighting
 * Level 3.3 Axes
 + Level 4.0 Armour
 + Level 4.1 Shields


You had 4 spell levels left.
You didn't know any spells.
Your spell library contained the following spells:

 Spells                   Type           Power      Damage    Failure   Level
 Gell's Gravitas          Tloc           0%         N/A       100%        3
 Inner Flame              Hex/Fire       0%         N/A       100%        3
 Lesser Beckoning         Tloc           0%         N/A       100%        3
 Teleport Other           Tloc           0%         N/A       100%        3
 Cause Fear               Hex            0%         N/A       100%        4
 Discord                  Hex            0%         N/A       100%        8


Dungeon Overview and Level Annotations

Branches:
Dungeon (3/15)

Altars:

Annotations:
D:3 3 runed translucent doors, Ijyb


Innate Abilities, Weirdness & Mutations

You are immune to sickness and miasma.
Your stone body is resilient. (AC +4)
You are immune to poison.
You resist negative energy. (rN+)
You are resistant to electric shocks. (rElec)
You are resistant to unholy torment.
You are immune to petrification.


Message History

You see here a +0 robe.
Found a book of Burglary.
Ijyb screams, "Me stronger than you!"
You closely miss Ijyb. You block Ijyb's attack.
Ijyb hits you but does no damage.
You hit Ijyb but do no damage.
Ijyb zaps a wand.
The puff of flame hits you. You resist. Ijyb hits you but does no damage.
You hit Ijyb but do no damage. You block Ijyb's attack.
You closely miss Ijyb. You block Ijyb's attack. x2
You miss Ijyb. Ijyb hits you but does no damage.
You closely miss Ijyb. You block Ijyb's attack. Ijyb hits you with a +0 club.
You hit Ijyb.
Ijyb is lightly wounded.
Ijyb zaps a wand.
You block the puff of flame. You block Ijyb's attack.
You hit Ijyb.
Ijyb is lightly wounded.
Ijyb hits you with a +0 club.
You hit Ijyb.
Ijyb is moderately wounded.
Ijyb hits you with a +0 club. Ijyb hits you but does no damage.
You barely miss Ijyb.
Ijyb is moderately wounded.
Ijyb hits you but does no damage.
You closely miss Ijyb.
Ijyb is moderately wounded.
Ijyb hits you but does no damage.
Ijyb zaps a wand.
The puff of flame hits you. You resist.
You barely miss Ijyb.
Ijyb is moderately wounded.
Ijyb hits you with a +0 club.
You slash Ijyb!
Ijyb is severely wounded.
Ijyb zaps a wand.
The puff of flame hits you. You resist.
Ijyb zaps a wand.
The puff of flame hits you. You resist.
You hit Ijyb but do no damage.
Ijyb is severely wounded.
Ijyb hits you with a +0 club.
* * * LOW HITPOINT WARNING * * *
Ijyb zaps a wand.
The puff of flame hits you. You resist.
You die...

..................(##..........
#..........#....###..........
##.........##....##..........
###.......####.##...#........#
#...###..............#......##
####.###
########.####....###### #....#
##..........##.#........ ..####
#.....g......#..##.....# ###
.......@......#..#....## #
...............#......#K #
......................+K #
..........[...####....+K
..:...........# ....+.
#...$........## ...
##..........## #. ############


You could see Ijyb.

Vanquished Creatures
  A necrophage (D:3)
  2 adders (D:3)
  A worm (D:3)
  A dart slug (D:1)
  3 orcs (D:3)
  3 bats (D:1)
  3 endoplasms (D:3)
  5 goblins
  6 hobgoblins
  4 jackals
  5 kobolds (D:1)
  2 quokkas
  A ball python (D:2)
  2 frilled lizards
  4 rats
43 creatures vanquished.

Notes
Turn   | Place    | Note
-------+----------+-------------------------------------------
     0 | D:1      | toffzen the Gargoyle Fighter began the quest for the Orb.
     0 | D:1      | Reached XP level 1. HP: 14/14 MP: 1/1
   255 | D:1      | Reached XP level 2. HP: 19/19 MP: 2/2
   930 | D:1      | Reached XP level 3. HP: 20/23 MP: 3/3
  1892 | D:3      | Found a runed translucent gate.
  1893 | D:3      | Found a runed translucent gate.
  1893 | D:3      | Found a runed translucent gate.
  1893 | D:3      | Noticed a kobold brigand
  1918 | D:3      | Reached XP level 4. HP: 25/29 MP: 4/4
  2050 | D:3      | Noticed a necrophage
  2062 | D:3      | Killed a necrophage
  2063 | D:3      | Reached XP level 5. HP: 22/33 MP: 5/5
  2350 | D:3      | Noticed Ijyb
  2367 | D:3      | Killed from afar by Ijyb

Illustrated notes

Levels and vault maps discovered:
D:1:      lightli_arrival_noodles, layout_basic
D:2:      layout_basic
D:3:      layout_rooms, gammafunk_ghost_nasty_kobolds, guppyfry_early_orc_mine,
          uniq_ijyb

Skill      XL: |  1  2  3  4 |
---------------+-------------+-----
Axes           | 2 3 |  3.3
Fighting       | 4 |  4.1
Armour         | 4 |  4.0
Shields        | 4 |  4.1

Action                   |  1- 3 |  4- 6 || total
-------------------------+-------+-------++-------
Melee: War axe           |   115 |    50 ||   165
Throw: Stone             |       |     4 ||     4
Armor: Scale mail        |    65 |    25 ||    90
Dodge: Dodged            |    32 |     8 ||    40
Block: Kite shield       |    60 |    19 ||    79
